 Dungeon Crawl Stone Soup version 0.31-a0-1204-ge2c1a860ed (webtiles) character file.

Game seed: 16801795735705771292

55 LeprechaunX the Changeling (level 3, -4/24 HPs)
             Began as an Octopode Shapeshifter on Dec 12, 2023.
             Slain by an orc
             ... wielding a +0 morningstar
              (11 damage)
             ... on level 3 of the Dungeon.
             The game lasted 00:02:10 (1973 turns).

LeprechaunX the Changeling (Octopode Shapeshifter)  Turns: 1973, Time: 00:02:11

Health: -4/24      AC:  1    Str: 13    XL:     3   Next: 93%
Magic:  3/3        EV: 12    Int: 12    God:
Gold:   72         SH:  6    Dex: 13    Spells: 2/2 levels left

rFire   . .          .
                       - Unarmed
rCold   . . .        k - +2 buckler
rNeg    . . .        (helmet currently unavailable)
rPois   .            (no amulet)
rElec   .            (no ring)
rCorr   .            (no ring)
SInv    .            (no ring)
Will    .....        (no ring)
Stlth   ++           (no ring)
HPRegen 0.24/turn    (no ring)
MPRegen 0.08/turn    (no ring)
                     (no ring)

%: no passive effects
@: beast-form
A: beast (slay +2), almost no armour, amphibious, 8 rings, camouflage 1,
gelatinous body 1, (nimble swimmer 1), tentacles
a: Begin Untransformation


You were on level 3 of the Dungeon.
You were a hulking beast.
You visited 1 branch of the dungeon, and saw 3 of its levels.

You collected 72 gold pieces.

Inventory:

Hand Weapons
 a - a +0 sling
Armour
 k - a +2 buckler (worn)
Talismans
 b - a beast talisman
 c - a flux talisman
Scrolls
 d - 4 scrolls of identify {unknown}
 h - 2 scrolls of fear {unknown}
 j - a scroll of poison {unknown}
 l - a scroll of noise {unknown}
 m - a scroll of immolation {unknown}
Potions
 e - a potion of haste
 f - a potion of enlightenment {unknown}
 g - 2 potions of berserk rage {unknown}
 i - a potion of heal wounds {unknown}
 n - a potion of lignification


   Skills:
 + Level 1.9 Fighting
 - Level 2.0 Dodging
 + Level 0.0 Shields
 + Level 3.4 Unarmed Combat
 * Level 3.8 Shapeshifting


You had 2 spell levels left.
You didn't know any spells.
Your spell library contained the following spells:

 Spells                   Type           Power      Damage    Failure   Level
 Apportation              Tloc           0%         N/A       43%         1
 Jinxbite                 Hex            0%         N/A       56%         2
 Sublimation of Blood     Necr           0%         N/A       56%         2
 Wereblood                Tmut           0%         N/A       56%         2
 Alistair's Intoxication  Tmut/Pois      0%         N/A       100%        5
 Summon Hydra             Summ           0%         N/A       100%        7


Dungeon Overview and Level Annotations

Branches:
Dungeon (3/15)

Altars:


Innate Abilities, Weirdness & Mutations

You are a hulking beast.
Your limbs bulge with bestial killing power. (Slay +2)
You cannot wear most types of armour.
You are amphibious.
You can wear up to eight rings at the same time.
Your skin changes colour to match your surroundings (Stealth+).
Your rubbery body absorbs attacks. (AC +1, EV +1)
((You are camouflaged when in or above water. (Stealth+)))
You have tentacles for arms and can constrict up to eight enemies at once.


Message History

You are too injured to fight recklessly!
You are too injured to fight recklessly!
You are too injured to fight recklessly!
Unknown command.
You release your grip on the orc.
The orc attacks as it pursues you! The orc hits you with a +0 hand axe.
* * * LOW HITPOINT WARNING * * *
It was a potion of haste.
You feel yourself speed up.
There is a stone staircase leading up here.
The orc wizard casts a spell at you. The magic dart hits you.
* * * LOW HITPOINT WARNING * * *
You climb upwards.
There is a stone staircase leading down here.
You start resting.
Your extra speed is starting to run out.
You start resting.
You feel yourself slow down.
You start resting.
HP restored.
You climb downwards.
The orc wizard points at you and mumbles some strange words.
You are confused.
There is a stone staircase leading up here.
You climb upwards.
There is a stone staircase leading down here.
You start waiting.
You start waiting.
You feel less confused.
Unknown command.
You climb downwards.
There is a stone staircase leading up here.
The orc shouts!
The orc wizard gestures at you while chanting.
The magic dart hits you. The orc wizard casts a spell at you.
The puff of flame hits you!
* * * LOW HITPOINT WARNING * * *
The orc hits you with a +0 morningstar!
You die...

#.# #....# ###.#
#.##.# #oo.#
#.##.#
#..#.######....#
#..##..o......###
.oo# #######...#
..o.# ##........#
....
#.o.o.#.#.#####
..#
###h##.##.......
..
#......o.[#.#.###
#.#.#.#.........#
#.#...#.#..#.#.##
#.#.....#..# # #
#.#.#####..#
#.#........#
#.######...#
#.)....#...###


You could see an orc wizard and 2 orcs.

Vanquished Creatures
  A worm (D:2)
  2 dart slugs (D:2)
  3 ball pythons (D:1)
  5 endoplasms
  A giant cockroach (D:3)
  10 goblins
  2 hobgoblins (D:1)
  6 jackals (D:1)
  3 kobolds (D:1)
  A quokka (D:1)
  4 bats
  4 frilled lizards
  2 rats (D:1)
44 creatures vanquished.

Notes
Turn   | Place    | Note
-------+----------+-------------------------------------------
     0 | D:1      | LeprechaunX the Octopode Shapeshifter began the quest for
                  | the Orb.
     0 | D:1      | Reached XP level 1. HP: 13/13 MP: 1/1
   276 | D:1      | Reached XP level 2. HP: 18/18 MP: 2/2
   509 | D:1      | Reached XP level 3. HP: 13/23 MP: 3/3
  1849 | D:3      | HP: 1/24 [orc wizard/magic dart (5)]
  1973 | D:3      | Slain by an orc

Illustrated notes

Levels and vault maps discovered:
D:1:      dpeg_cavernosity, layout_basic
D:2:      layout_basic, minmay_hedge_maze
D:3:      layout_basic, nicolae_uskayaw_dance_hall, uniq_grinder

Action                     || total
---------------------------++-------
  Melee: Unarmed           ||    85
         Constrict         ||    23
         Tentacles         ||    13
         Punch             ||     3
    Use: Potion            ||     1
   Stab: Sleeping          ||     8
 Armour: Skin              ||    45
  Dodge: Dodged            ||    32

Table legend: (Time is in decaauts)
 A = Elapsed time spent in this place.
 B = Non-inter-level travel time spent in this place.
 C = Inter-level travel time spent in this place.
 D = Time resting spent in this place.
 E = Time spent auto-exploring this place.
 F = Levels seen in this place.
 G = Mean time per level.
                   A        B        C        D        E       F      G
               +--------+--------+--------+--------+--------+-----+--------+
         Total |   1952 |   1862 |     90 |     98 |   1482 |   3 |  650.7 |
       Dungeon |   1952 |   1862 |     90 |     98 |   1482 |   3 |  650.7 |
               +--------+--------+--------+--------+--------+-----+--------+

Top non-repeatable levels by time:
     D:1: 996 daAuts
     D:2: 888 daAuts
     D:3: 67 daAuts
